 Dungeon Crawl Stone Soup version 0.31-a0-198-g2ad674f65e (webtiles) character file.

Game seed: 6910997318029737378

86 qw the Shooter (level 4, -1/25 HPs)
             Began as a Deep Elf Hunter on June 25, 2023.
             Slain by a gnoll
             ... wielding a +3 halberd of freezing
              (4 damage)
             ... on level 3 of the Dungeon.
             The game lasted 00:00:36 (1761 turns).

qw the Shooter (Deep Elf Hunter)                    Turns: 1761, Time: 00:00:37

Health: -1/25      AC:  5    Str: 10    XL:     4   Next: 27%
Magic:  6/6        EV:  6    Int: 14    God:
Gold:   86         SH:  0    Dex: 18    Spells: 3/3 levels left

rFire   . . .        Y - +0 shortbow
rCold   . . .        (shield currently unavailable)
rNeg    . . .        b - +0 ring mail
rPois   .            (no helmet)
rElec   .            (no cloak)
rCorr   .            (no gloves)
SInv    .            (no boots)
Will    .....        (no amulet)
Stlth   +            (no ring)
HPRegen 0.24/turn    (no ring)
MPRegen 0.10/turn

%: no passive effects
@: held
A: no striking features
a: no special abilities


You were on level 3 of the Dungeon.
You visited 1 branch of the dungeon, and saw 3 of its levels.

You collected 86 gold pieces.


   Skills:
 - Level 1.5 Fighting
 + Level 7.7 Ranged Weapons
 - Level 2.4 Dodging
 - Level 1.2 Stealth


You had 3 spell levels left.
You didn't know any spells.
Your spell library was empty.

Inventory:

Hand Weapons
 Y - a +0 shortbow (weapon)
Armour
 b - a +0 ring mail (worn)
Scrolls
 f - a scroll of identify
Potions
 e - a potion of enlightenment
 g - a potion of haste {unknown}

Dungeon Overview and Level Annotations

Branches:
Dungeon (3/15)

Altars:


Message History

The arrow hits the rat but does no damage.
The rat closely misses you.
You shoot an arrow. The arrow hits the rat!
You kill the rat! 2 gnolls come into view.
The gnoll shouts!
A gnoll comes into view.
It is wielding a +3 halberd of freezing.
The gnoll moves out of view.
You shoot an arrow. The gnoll shouts!
The arrow hits the gnoll!
The gnoll is severely wounded.
You hear a shout!
The gnoll throws a throwing net.
The throwing net hits you.
You become entangled in the net!
A gnoll comes into view. It is wielding a +0 spear.
You struggle against the net.
You struggle against the net.
You rip the net and break free!
1754 ||| Stepping ~*~*~tactically~*~*~ (outnumbered).
The gnoll hits you but does no damage.
You shoot an arrow. The arrow hits the gnoll!
You kill the gnoll!
The gnoll barely misses you.
1757 ||| Stepping ~*~*~tactically~*~*~ (outnumbered).
You shoot an arrow. The arrow hits the gnoll.
The gnoll is heavily wounded.
The gnoll hits you from afar with a +3 halberd of freezing.
The gnoll freezes you.
You shoot an arrow. The arrow hits the gnoll!
The gnoll is almost dead.
The gnoll barely misses you.
The gnoll throws a throwing net.
The throwing net hits you.
You become entangled in the net!
You struggle against the net.
The gnoll hits you from afar with a +3 halberd of freezing.
The gnoll freezes you.
You struggle against the net.
The gnoll hits you from afar with a +3 halberd of freezing!
The gnoll freezes you.
You die...

........
#...... ......
.g... ...#
##..# #.gg#
#.#.# #.@.#
##.### #.<^#
>.............#
###.##...###..#
# ##.## . #.#
#.. #.#


You could see a gnoll.

Vanquished Creatures
  A gnoll (D:3)
  An adder (D:2)
  5 dart slugs
  7 ball pythons
  3 bats
  7 endoplasms
  3 giant cockroaches (D:2)
  4 goblins
  6 hobgoblins
  3 quokkas
  A frilled lizard (D:2)
  5 kobolds
  7 rats
53 creatures vanquished.

Notes
Turn   | Place    | Note
-------+----------+-------------------------------------------
     0 | D:1      | qw the Deep Elf Hunter began the quest for the Orb.
     0 | D:1      | Reached XP level 1. HP: 12/12 MP: 3/3
     0 | D:1      | 0 ||| qw: Version: 0.3-a-22-g0ed2b0b
     0 | D:1      | 0 ||| qw: Game counter: 5469
     0 | D:1      | 0 ||| qw: Melee chars always use a shield: true
     0 | D:1      | 0 ||| qw: God list: Okawaru
     0 | D:1      | 0 ||| qw: Allow faded altars: false
     0 | D:1      | 0 ||| qw: Do Orc after clearing Dungeon:15 true
     0 | D:1      | 0 ||| qw: Do second Lair branch before Depths: true
     0 | D:1      | 0 ||| qw: Lair rune preference: random
     0 | D:1      | 0 ||| qw: Goals: Normal
     0 | D:1      | 0 ||| PLANNING D:1-11
    60 | D:1      | Reached skill level 6 in Ranged Weapons
    60 | D:1      | Reached XP level 2. HP: 16/16 MP: 4/4
    91 | D:1      | Found a faded altar of an unknown god.
   292 | D:1      | Reached XP level 3. HP: 20/20 MP: 5/5
   593 | D:1      | Reached skill level 7 in Ranged Weapons
   940 | D:1      | 940 ||| READING 2 scrolls labelled QUEBLO GOSHEU.
   941 | D:1      | 941 ||| READING scroll labelled EPRYHA MUOG.
   942 | D:1      | 942 ||| READING scroll labelled UNAEREGUIMN.
   943 | D:1      | 943 ||| DROPPING scroll of noise.
   944 | D:1      | 944 ||| DROPPING scroll of butterflies.
  1504 | D:2      | Reached XP level 4. HP: 15/25 MP: 6/6
  1659 | D:2      | 1659 ||| UPGRADING to +0 ring mail.
  1669 | D:2      | 1669 ||| DROPPING +0 leather armour.
  1670 | D:2      | 1670 ||| READING scroll labelled NUBIOD YSEJA.
  1674 | D:2      | 1674 ||| READING scroll labelled ZODDUR ARIFIO.
  1675 | D:2      | 1675 ||| READING scroll labelled IMAYKO HUVELIMN.
  1676 | D:2      | 1676 ||| READING 2 scrolls of identify.
  1676 | D:2      | 1676 ||| IDENTIFYING white potion
  1754 | D:3      | 1754 ||| Stepping ~*~*~tactically~*~*~ (outnumbered).
  1757 | D:3      | 1757 ||| Stepping ~*~*~tactically~*~*~ (outnumbered).
  1761 | D:3      | HP: 3/25 [gnoll/+3 halberd of freezing (10)]
  1761 | D:3      | Slain by a gnoll

Levels and vault maps discovered:
D:1:      dpeg_arrival_arbitrary_a, layout_basic,
          shapermc_ecumenical_altar_rom_forum, patterned_corridor
D:2:      layout_loops_cross
D:3:      layout_loops_ring, lemuel_blue_sif_altar, overflow_temple_1_default,
          serial_shops, shop

Skill      XL: |  1  2  3 |
---------------+----------+-----
Ranged Weapons | 6 7 |  7.7
Fighting       | |  1.5
Dodging        | |  2.4
Stealth        | |  1.2

Action                     |  1- 3 |  4- 6 || total
---------------------------+-------+-------++-------
   Fire: Shortbow          |   118 |     6 ||   124
    Use: Scroll            |     3 |     4 ||     7
 Armour: Leather armour    |    11 |       ||    11
         Ring mail         |       |     1 ||     1
  Dodge: Dodged            |    14 |     3 ||    17

Table legend:
 A = Non-vault XP
 B = Vault XP
 C = Vault XP percentage of total XP
 D = Non-vault monster count
 E = Vault monster count
 F = Vault count percentage of total count
                 A         B        C        D         E       F
            +---------+---------+-------+---------+---------+-------
      Total |     124 |       0 |   0.0 |      53 |       0 |   0.0
            +---------+---------+-------+---------+---------+-------
        D:1 |      65 |       0 |   0.0 |      34 |       0 |   0.0
        D:2 |      44 |       0 |   0.0 |      17 |       0 |   0.0
        D:3 |      15 |       0 |   0.0 |       2 |       0 |   0.0
            +---------+---------+-------+---------+---------+-------
